 Dungeon Crawl Stone Soup version 0.27-a0-1147-gb3d8e82157 (webtiles) character file.

Game seed: 8896856932520705570

5251 leviel the Fighter (level 10, -3/102 HPs)
             Began as a Minotaur Fighter on May 11, 2021.
             Was a Believer of Uskayaw.
             Slain by a wolf (5 damage)
             ... led by Grum
             ... on level 7 of the Dungeon.
             The game lasted 00:13:44 (8201 turns).

leviel the Fighter (Minotaur Fighter)               Turns: 8201, Time: 00:13:45

Health: -3/102     AC:  8    Str: 24    XL:     10   Next: 36%
Magic:  16/16      EV:  7    Int:  5    God:    Uskayaw [**....]
Gold:   358        SH: 14    Dex: 10    Spells: 9/9 levels left

rFire    . . .     SeeInvis +   a - +2 war axe
rCold    . . .     Faith    .   c - +0 kite shield
rNeg     . . .     Spirit   .   b - +1 scale mail
rPois    .         Reflect  +   (helmet restricted)
rElec    .         Harm     .   (no cloak)
rCorr    .         Rampage  .   (no gloves)
Will     .....                  (no boots)
Stlth    ..........             u - amulet of reflection
HPRegen  0.27/turn              g - ring of see invisible
MPRegen  0.15/turn              (no ring)

@: no status effects
A: horns 2, retaliatory headbutt
a: Renounce Religion, Stomp, Line Pass


You were on level 7 of the Dungeon.
You worshipped Uskayaw.
Uskayaw was aware of your devotion.
You visited 1 branch of the dungeon, and saw 8 of its levels.
You also visited: Sewer.

You collected 358 gold pieces.

Inventory:

Hand Weapons
 a - a +2 war axe (weapon)
Missiles
 m - 5 curare-tipped darts (quivered)
 v - 3 boomerangs of dispersal
Armour
 b - a +1 scale mail (worn)
 c - a +0 kite shield (worn)
Jewellery
 g - a ring of see invisible (left hand)
 u - an amulet of reflection (around neck)
Wands
 l - a wand of iceblast (10)
 o - a wand of acid (7)
 s - a wand of flame (13)
 w - a wand of digging (3)
Scrolls
 h - a scroll of holy word
 n - 2 scrolls of blinking
 p - 6 scrolls of identify {@r1}
Potions
 i - a potion of flight
 k - a potion of mutation
 q - 2 potions of might


   Skills:
 - Level 13.8 Fighting
 - Level 2.4 Axes
 - Level 3.8 Armour
 - Level 3.8 Shields
 + Level 9.9 Invocations


You had 9 spell levels left.
You didn't know any spells.
Your spell library contained the following spells:

 Spells                   Type           Power      Damage    Failure   Level
 Sting                    Tmut/Pois      0%         1d3       99%         1
 Poisonous Vapours        Pois/Air       0%         N/A       100%        2
 Ignite Poison            Fire/Tmut/Pois 0%         N/A       100%        3
 Mephitic Cloud           Conj/Pois/Air  0%         N/A       100%        3
 Olgreb's Toxic Radiance  Pois           0%         N/A       100%        4


Dungeon Overview and Level Annotations

Branches:
Dungeon (8/15)             Temple (0/1) D:7           Sewer (visited)
   Lair: D:8-11

Altars:
Cheibriados
Elyvilon
Gozag
Okawaru
Sif Muna
Uskayaw
Vehumet
Wu Jian
Xom
Zin

Shops:
D:6 :

Annotations:
D:8 Grum


Innate Abilities, Weirdness & Mutations

You have a pair of horns on your head.
You reflexively headbutt those who attack you in melee.


Message History

* * * LOW HITPOINT WARNING * * *
The wyvern bites you!
* * * LOW HITPOINT WARNING * * *
The wolf completely misses you. You block the wyvern's attack.
You hit the wyvern.
You kill the wyvern!
You closely miss the wolf. You block the wolf's attack. x2
The wolf bites you!
* * * LOW HITPOINT WARNING * * *
You feel better. The wolf bites you but does no damage.
You miss the wolf.
The wolf is lightly wounded.
The wolf bites you but does no damage. The wolf bites you.
* * * LOW HITPOINT WARNING * * *
The wolf barely misses you. You furiously retaliate!
You headbutt the wolf. You hit the wolf but do no damage.
The wolf is moderately wounded.
The wolf bites you.
* * * LOW HITPOINT WARNING * * *
You block the wolf's attack. The wolf bites you but does no damage.
Okay, then.
You miss the wolf.
The wolf is moderately wounded.
You block the wolf's attack. The wolf bites you.
* * * LOW HITPOINT WARNING * * *
You block the wolf's attack.
You are confused.
You feel invigorated. The wolf bites you but does no damage.
You bump into the rock wall.
The wolf barely misses you. The wolf bites you.
* * * LOW HITPOINT WARNING * * *
You're too confused to move!
You feel less invigorated.
You feel less confused. You block the wolf's attack. The wolf bites you.
* * * LOW HITPOINT WARNING * * *
You closely miss the wolf.
The wolf is moderately wounded.
The wolf bites you.
* * * LOW HITPOINT WARNING * * *
You block the wolf's attack. The wolf bites you.
You die...

.....# #.........# #..........#
.....####........## ##..........
......###.........# #........).
........#.........## ##.........
....###............## ##........
....####............## #..####..
.....###.............#######
##.. ...#.##................##
##.## #.......#...^...@.......##
##..#
#.......########h........###..##
#.#...#.# ###.............##
#.......# ##...........##.
#.......# ###.......###..
#.#...#.# ##.......#_..#
#.......# ##........###..
#...)...# ###...........##.
#.#...#.# ####..............##


You could see a wolf.

Vanquished Creatures
  The ghost of robertstho the Fighter, a novice DsBe of Trog (D:7)
  The ghost of robertstho the Grappler, a novice TrBe of Trog (D:7)
  The ghost of Modus718 the Thaumaturge, a novice DEFE of Sif Muna (D:7)
  The ghost of jasper the Changer, a novice KoTm (D:7)
  The ghost of DocEon the Insei, a novice OpTm of Gozag (D:7)
  A wyvern (D:7)
  The ghost of HendSelp the Cudgeller, an amateur PaBe of Trog (D:3)
  5 humans (D:6)
  Menkaure (D:6)
  Purgy (Sewer)
  2 ice beasts (D:6)
  3 ogres
  A centaur (D:7)
  A kobold brigand (D:6)
  2 wyvern zombies (D:7)
  A bullfrog (D:7)
  A scorpion (D:5)
  A wyvern skeleton (D:6)
  4 killer bees (D:7)
  A bullfrog zombie (D:7)
  A centaur zombie (D:6)
  2 hounds
  2 orc priests
  A jelly (D:6)
  Jessica (D:2)
  An iguana (D:7)
  A scorpion zombie (D:5)
  An orc wizard (D:7)
  A mummy (D:3)
  A howler monkey zombie (D:7)
  6 adders
  4 gnolls (D:2)
  A howler monkey skeleton (D:6)
  2 white imps
  An adder skeleton (D:4)
  3 worms
  4 dart slugs
  10 orcs
  5 ball pythons
  5 endoplasms
  8 giant cockroaches
  8 goblins
  8 hobgoblins
  4 jackals (D:2)
  3 quokkas
  10 bats
  5 frilled lizards
  9 kobolds
  12 rats
151 creatures vanquished.

Notes
Turn   | Place    | Note
-------+----------+-------------------------------------------
     0 | D:1      | leviel the Minotaur Fighter began the quest for the Orb.
     0 | D:1      | Reached XP level 1. HP: 19/19 MP: 0/0
   363 | D:1      | Reached skill level 4 in Fighting
   363 | D:1      | Reached XP level 2. HP: 27/27 MP: 1/1
   524 | D:1      | Found a faded altar of an unknown god.
   634 | D:1      | Reached XP level 3. HP: 35/35 MP: 2/2
   878 | D:2      | Reached skill level 5 in Fighting
   888 | D:2      | Noticed Jessica
   892 | D:2      | Killed Jessica
   893 | D:2      | Reached XP level 4. HP: 39/44 MP: 3/3
  1031 | D:2      | Reached skill level 6 in Fighting
  2100 | D:3      | Reached XP level 5. HP: 39/51 MP: 4/4
  2307 | D:3      | Found a snail-covered altar of Cheibriados.
  2458 | D:3      | Found a shimmering altar of Xom.
  2468 | D:3      | Reached skill level 7 in Fighting
  2760 | D:3      | Found a runed translucent door.
  2765 | D:3      | Noticed HendSelp's ghost (amateur PaBe)
  2773 | D:3      | Found a hide-covered altar of Uskayaw.
  2781 | D:3      | Became a worshipper of Uskayaw the Reveller
  2856 | D:3      | Reached * piety under Uskayaw
  3082 | D:3      | Reached ** piety under Uskayaw
  3086 | D:3      | Reached *** piety under Uskayaw
  3088 | D:3      | Reached **** piety under Uskayaw
  3089 | D:3      | Killed HendSelp's ghost
  3090 | D:3      | Reached skill level 8 in Fighting
  3090 | D:3      | Reached XP level 6. HP: 50/62 MP: 5/5
  3709 | D:4      | Found an ornate altar of the Wu Jian Council.
  3747 | D:4      | Found a shimmering blue altar of Sif Muna.
  3999 | D:5      | Entered Level 5 of the Dungeon
  4002 | D:5      | Gained mutation: Your body sometimes deteriorates upon
                  | taking damage. [potion of mutation]
  4002 | D:5      | Lost mutation: Your body sometimes deteriorates upon taking
                  | damage. [potion of mutation]
  4073 | D:5      | Reached skill level 9 in Fighting
  4174 | D:5      | Found a glowing drain.
  4183 | Sewer    | Entered a sewer
  4252 | Sewer    | Noticed Purgy
  4261 | Sewer    | Killed Purgy
  4262 | Sewer    | Reached XP level 7. HP: 66/70 MP: 2/6
  4532 | D:5      | Reached skill level 10 in Fighting
  5175 | D:6      | Reached skill level 11 in Fighting
  5468 | D:6      | Found Tyewac's Book Shop.
  5488 | D:6      | Reached XP level 8. HP: 82/82 MP: 7/7
  5827 | D:6      | Reached skill level 12 in Fighting
  5849 | D:6      | Reached skill level 13 in Fighting
  6215 | D:6      | Noticed Menkaure
  6399 | D:6      | Killed Menkaure
  6400 | D:6      | Reached XP level 9. HP: 80/94 MP: 8/8
  6635 | D:7      | Reached skill level 1 in Invocations
  6727 | D:7      | Found a glowing silver altar of Zin.
  6727 | D:7      | Found a white marble altar of Elyvilon.
  6735 | D:7      | Found an opulent altar of Gozag.
  6737 | D:7      | Found an iron altar of Okawaru.
  6739 | D:7      | Found a radiant altar of Vehumet.
  7087 | D:7      | Found a staircase to the Ecumenical Temple.
  7389 | D:7      | Found a runed translucent gate.
  7389 | D:7      | Noticed robertstho's ghost (novice DsBe)
  7390 | D:7      | Found a runed translucent gate.
  7390 | D:7      | Found a runed translucent gate.
  7390 | D:7      | Noticed robertstho's ghost (novice TrBe)
  7390 | D:7      | Noticed DocEon's ghost (novice OpTm)
  7390 | D:7      | Noticed jasper's ghost (novice KoTm)
  7390 | D:7      | Noticed Modus718's ghost (novice DEFE)
  7413 | D:7      | Killed robertstho's ghost
  7420 | D:7      | Killed jasper's ghost
  7421 | D:7      | Reached ***** piety under Uskayaw
  7425 | D:7      | Killed Modus718's ghost
  7426 | D:7      | Reached XP level 10. HP: 41/102 MP: 10/15
  7437 | D:7      | Reached ****** piety under Uskayaw
  7438 | D:7      | Killed robertstho's ghost
  7444 | D:7      | Killed DocEon's ghost
  8181 | D:8      | Noticed Grum
  8193 | D:7      | HP: 1/102 [wolf[Grum] (9)]
  8199 | D:7      | HP: 3/102 [wolf[Grum] (6)]
  8201 | D:7      | Slain by a wolf

Illustrated notes

Levels and vault maps discovered:
D:1:      dpeg_arrival_ternary, layout_loops_ring,
          shapermc_ecumenical_altar_hornbeckon
D:2:      layout_loops_ring, uniq_jessica
D:3:      layout_loops_ring, nicolae_uskayaw_murder_on_the_dancefloor,
          nicolae_overflow_crystal_walls, slow_altar_1, ebering_ghost_sewer_d
D:4:      layout_basic, nicolae_sif_muna_condensation,
          nicolae_wu_jian_wuxing_cycle
D:5:      layout_gridville, gup_sewer_entry_bubbles
D:6:      layout_loops_ring, serial_shops, nicolae_shop_crystal,
          minmay_ruffians, uniq_menkaure
D:7:      layout_cave_pods, chequers_temple_overflow_minitemple, temple_hall,
          gammafunk_ghost_cemetery
D:8:      layout_basic, nicolae_qazlal_style_of_elements, lair_entry_dummy,
          uniq_psyche, uniq_grum

Skill      XL: |  1  2  3  4  5  6  7  8  9 10 |
---------------+-------------------------------+-----
Fighting       | 4 5 6 8 9 11 13 | 13.8
Invocations    | 8 9 |  9.9
Axes           | |  2.4
Armour         | |  3.8
Shields        | |  3.8

Action                   |  1- 3 |  4- 6 |  7- 9 | 10-12 || total
-------------------------+-------+-------+-------+-------++-------
Melee: War axe           |    59 |   156 |   176 |    47 ||   438
       Headbutt          |     5 |    23 |    33 |    17 ||    78
Invok: Stomp             |       |     1 |     2 |       ||     3
       Line Pass         |       |       |     2 |       ||     2
Evoke: Wand              |       |       |     2 |       ||     2
  Use: Potion            |       |     5 |     4 |     4 ||    13
       Scroll            |       |     6 |     2 |     5 ||    13
 Stab: Paralysed         |       |     1 |     8 |     1 ||    10
Armor: Scale mail        |    25 |    89 |    66 |    10 ||   190
Dodge: Dodged            |    22 |    71 |    62 |    21 ||   176
Block: Kite shield       |    26 |    92 |   116 |    50 ||   284
       Reflection        |       |       |     3 |       ||     3

Table legend: (Time is in decaauts)
 A = Elapsed time spent in this place.
 B = Non-inter-level travel time spent in this place.
 C = Inter-level travel time spent in this place.
 D = Time resting spent in this place.
 E = Time spent auto-exploring this place.
 F = Levels seen in this place.
 G = Mean time per level.
                   A        B        C        D        E       F      G
               +--------+--------+--------+--------+--------+-----+--------+
         Total |   8508 |   8302 |    206 |   1544 |   5526 |   9 |  945.3 |
       Dungeon |   8322 |   8116 |    206 |   1544 |   5402 |   8 | 1040.2 |
         Sewer |    185 |    185 |      0 |      0 |    124 |   1 |  185.0 |
               +--------+--------+--------+--------+--------+-----+--------+

Top non-repeatable levels by time:
     D:7: 1796 daAuts
     D:6: 1462 daAuts
     D:3: 1213 daAuts
     D:2: 1161 daAuts
     D:5: 933 daAuts
     D:1: 899 daAuts
     D:4: 846 daAuts
   Sewer: 185 daAuts
     D:8: 9 daAuts
